 Seeded DCSS version 0.29-a0-322-g68df515428 (webtiles) character file.

Game seed: 9763127679312369251 (custom seed)

14 ImHallYall the Skirmisher (level 2, 0/24 HPs)
             Began as a Human Fighter on Apr 6, 2022.
             Slain by a goblin
             ... wielding a +0 dagger
              (3 damage)
             ... on level 1 of the Dungeon.
             The game lasted 00:00:46 (326 turns).

ImHallYall the Skirmisher (Human Fighter)            Turns: 326, Time: 00:00:47

Health: 0/24       AC:  6    Str: 16    XL:     2   Next: 60%
Magic:  2/2        EV:  8    Int:  8    God:
Gold:   20         SH:  4    Dex: 12    Spells: 1/1 levels left

rFire   . . .      SeeInvis .   a - +0 long sword
rCold   . . .      Faith    .   c - +0 buckler
rNeg    . . .      Spirit   .   b - +0 scale mail
rPois   .          Reflect  .   (no helmet)
rElec   .          Harm     .   (no cloak)
rCorr   .          Rampage  .   (no gloves)
Will    .....                   (no boots)
Stlth   ..........              (no amulet)
HPRegen 0.08/turn               (no ring)
MPRegen 0.08/turn               (no ring)

@: no status effects
A: no striking features
a: no special abilities


You were on level 1 of the Dungeon.
You visited 1 branch of the dungeon, and saw 1 of its levels.

You collected 20 gold pieces.

Inventory:

Hand Weapons
 a - a +0 long sword (weapon)
Armour
 b - a +0 scale mail (worn)
 c - a +0 buckler (worn)
Potions
 d - a potion of might


   Skills:
 + Level 3.4 Fighting
 + Level 2.0 Long Blades
 + Level 3.1 Armour
 + Level 3.1 Shields


You had one spell level left.
You didn't know any spells.
Your spell library was empty.

Dungeon Overview and Level Annotations

Branches:
Dungeon (1/15)

Altars:


Message History

The hobgoblin suddenly seems more resistant.
The jackal pauses to sniff the ground.
The jackal bites you.
The dart slug bites you but does no damage.
You closely miss the jackal.
The jackal is moderately wounded.
The jackal bites you but does no damage.
The dart slug bites you. You block the jackal's attack.
You hit the jackal.
You kill the jackal!
You block the dart slug's attack. The giant cockroach bites you.
You hit the giant cockroach.
The giant cockroach is heavily wounded.
The giant cockroach bites you. The dart slug closely misses you.
You hit the giant cockroach but do no damage.
The giant cockroach is heavily wounded.
The giant cockroach closely misses you.
The giant cockroach bites you but does no damage.
The dart slug launches a dart at you.
The slug dart hits you but does no damage.
You slash the giant cockroach!
You kill the giant cockroach!
The bat hits you but does no damage. x2; The dart slug bites you.
* * * LOW HITPOINT WARNING * * *
You hit the bat.
You kill the bat!
The dart slug launches a dart at you. You block the slug dart.
You closely miss the goblin. The goblin hits you but does no damage.
You block the dart slug's attack. The goblin misses you.
You closely miss the goblin. The goblin hits you but does no damage.
The dart slug barely misses you.
You miss the goblin. The goblin closely misses you.
You block the dart slug's attack.
You hit the goblin.
The goblin is heavily wounded.
The goblin hits you with a +0 dagger.
* * * LOW HITPOINT WARNING * * *
The goblin hits you with a +0 dagger.
You die...

##+# #... #### ### #
.. ################
#. #...............
#.##.....รท...######
#..#.........#
#g@..........#
#...Kgw##.........#
..#.g#g #.........#
#= #. #.###.##### #
#. #.# #..# .. ..#
##.# #...## .# .. .


You could see a dart slug, 2 hobgoblins, 2 goblins and a kobold.

Vanquished Creatures
  3 dart slugs (D:1)
  An endoplasm (D:1)
  A giant cockroach (D:1)
  A jackal (D:1)
  A bat (D:1)
  A frilled lizard (D:1)
  A rat (D:1)
9 creatures vanquished.

Notes
Turn   | Place    | Note
-------+----------+-------------------------------------------
     0 | D:1      | ImHallYall the Human Fighter began the quest for the Orb.
     0 | D:1      | Reached XP level 1. HP: 18/18 MP: 1/1
    34 | D:1      | Reached XP level 2. HP: 2/24 MP: 2/2
   326 | D:1      | Slain by a goblin

Illustrated notes

Levels and vault maps discovered:
D:1:      lemuel_arrival_behind_the_door_small, layout_rooms,
          dreamdust_ecumenical_altar_sealed_demon, serial_rivers,
          chequers_serial_rivers_micro_e, chequers_serial_rivers_micro_b,
          chequers_serial_rivers_room_a, chequers_serial_rivers_micro_b,
          chequers_serial_rivers_large_a, minmay_octomino_c4

Action                   || total
-------------------------++-------
Melee: Long sword        ||    24
Armor: Scale mail        ||    19
Dodge: Dodged            ||    13
Block: Buckler           ||    13

Table legend: (Time is in decaauts)
 A = Elapsed time spent in this place.
 B = Non-inter-level travel time spent in this place.
 C = Inter-level travel time spent in this place.
 D = Time resting spent in this place.
 E = Time spent auto-exploring this place.
 F = Levels seen in this place.
 G = Mean time per level.
                   A        B        C        D        E       F      G
               +--------+--------+--------+--------+--------+-----+--------+
         Total |    333 |    333 |      0 |    260 |      0 |   1 |  333.0 |
       Dungeon |    333 |    333 |      0 |    260 |      0 |   1 |  333.0 |
               +--------+--------+--------+--------+--------+-----+--------+

Top non-repeatable levels by time:
     D:1: 333 daAuts
